 Dungeon Crawl Stone Soup version 0.24-a0-365-ga4d96b6e6e (webtiles) character file.

Game seed: 7989323691317533655

24 Esekla the Magician (level 3, -1/22 HPs)
             Began as an Octopode Wizard on May 25, 2019.
             Slain by a kobold
             ... wielding a +0 short sword
              (3 damage)
             ... on level 2 of the Dungeon on May 27, 2019.
             The game lasted 00:07:29 (423 turns).

Esekla the Magician (Octopode Wizard)                Turns: 423, Time: 00:07:31

Health: -1/22      AC:  1    Str:  7    XL:     3   Next: 2%
Magic:  6/7        EV: 13    Int: 20    God:
Gold:   38         SH:  0    Dex: 10    Spells: 7/8 levels left

rFire    . . .     SeeInvis .   h - +2 spear (venom)
rCold    . . .     Gourm    .   (no shield)
rNeg     . . .     Faith    .   a - +0 hat
rPois    .         Spirit   .   (no amulet)
rElec    .         Reflect  .   (no ring)
rCorr    .         Harm     .   (no ring)
MR       .....                  (no ring)
Stlth    +++.......             (no ring)
HPRegen  0.07/turn              (no ring)
MPRegen  0.10/turn              (no ring)
                                (no ring)
                                (no ring)

@: no status effects
A: almost no armour, stealthy swim, amphibious, 8 rings, constrict 8, camouflage
1, gelatinous body 1
a: no special abilities


You were on level 2 of the Dungeon.
You were not hungry.

You visited 1 branch of the dungeon, and saw 2 of its levels.

You collected 38 gold pieces.

Inventory:

Hand Weapons
 h - a +2 spear of venom (weapon)
 i - a +0 dagger
Missiles
 e - 2 boomerangs (quivered)
Armour
 a - a +0 hat (worn)
Scrolls
 b - a scroll of teleportation {unknown}
 d - 3 scrolls of remove curse {unknown}
 f - a scroll of identify {unknown}
 g - a scroll of magic mapping {unknown}
Potions
 j - a potion of might {unknown}
Comestibles
 c - 3 rations


   Skills:
 * Level 0.9 Fighting
 + Level 0.1 Polearms
 + Level 2.1 Dodging
 + Level 3.1 Stealth
 + Level 3.4 Spellcasting
 * Level 1.3 Conjurations
   Level 1.0 Summonings
   Level 1.0 Translocations


You had 7 spell levels left.
You knew the following spells:

 Your Spells              Type           Power        Failure   Level  Hunger
a - Magic Dart            Conj           #...         8%          1    None

Your spell library contained the following spells:

 Spells                   Type           Power        Failure   Level  Hunger
 Blink                    Tloc           N/A          14%         2    ##.....
 Call Imp                 Summ           #.......     14%         2    ##.....
 Slow                     Hex            #.......     21%         2    ##.....
 Conjure Flame            Conj/Fire      #.......     30%         3    ###....
 Mephitic Cloud           Conj/Pois/Air  #.......     34%         3    ###....


Dungeon Overview and Level Annotations

Branches:
Dungeon (2/15)

Altars:
Elyvilon


Innate Abilities, Weirdness & Mutations

You cannot wear most types of armour.
You are very stealthy in the water. (Stealth+)
You are amphibious.
You can wear up to eight rings at the same time.
You can use your tentacles to constrict eight enemies at once.
Your skin changes colour to match your surroundings (Stealth+).
Your rubbery body absorbs attacks. (AC +1, EV +1)


Message History

You hit the adder. Your grab misses the adder.
The adder is lightly wounded.
You constrict the hound skeleton. The adder bites you.
The hound skeleton closely misses you.
The kobold hits you with a +0 short sword.
* * * LOW HITPOINT WARNING * * *
Okay, then.
You barely miss the adder. Your grab misses the adder.
The adder is lightly wounded.
You constrict the hound skeleton.
You destroy the hound skeleton!
Your Stealth skill increases to level 3!
You have reached level 3!
Your experience leads to an increase in your attributes!
Increase (S)trength, (I)ntelligence, or (D)exterity?
You feel stronger. The adder bites you.
* * * LOW HITPOINT WARNING * * *
The kobold hits you with a +0 short sword.
You die...

#. #### #<#. <.. #...
..# #..# #.# #
#####..# #.# #.###
..(...###.####....
?#.#.#...........##..
...$..S.(............
$..⌠...@###†#.##.##.
_.....K.###.#.##.#
...⌠...##>...#...###
....... #.###......#
.#.#.#. #.
##.###.##### .. ....
. #†# #...<.. # ##
#### #.###......
#.....##### #######


You could see an adder and a kobold.

Vanquished Creatures
  A hound skeleton (D:2)
  A dart slug (D:1)
  A giant cockroach (D:2)
  A goblin (D:1)
  2 hobgoblins
  A bat (D:1)
  A kobold (D:1)
  2 rats (D:2)
10 creatures vanquished.

Notes
Turn   | Place    | Note
-------+----------+-------------------------------------------
     0 | D:1      | Esekla the Octopode Wizard began the quest for the Orb.
     0 | D:1      | Reached XP level 1. HP: 11/11 MP: 4/4
   253 | D:1      | Reached XP level 2. HP: 18/18 MP: 6/6
   268 | D:1      | Upgraded the game from 0.24-a0-358-g53aee78b01 to
                  | 0.24-a0-365-ga4d96b6e6e
   414 | D:2      | Found a white marble altar of Elyvilon.
   423 | D:2      | Reached XP level 3. HP: 3/22 MP: 5/7
   423 | D:2      | Slain by a kobold

Levels and vault maps discovered:
D:1:      mrwooster_arrival_statue_3, layout_basic
D:2:      layout_loops_ring, gammafunk_temple_overflow_elements,
          overflow_temple_1_default, elyvilon_altar_5

Skill      XL: |  1  2 |
---------------+-------+-----
Stealth        | 3 |  3.1
Fighting       | |  0.9
Polearms       | |  0.1
Dodging        | |  2.1
Spellcasting   | |  3.4
Conjurations   | |  1.3
Summonings     | |  1.0
Translocations | |  1.0

Action                   || total
-------------------------++-------
Melee: Spear             ||    16
       Constrict         ||     3
       Dagger            ||     1
       Tentacles         ||     1
 Cast: Magic Dart        ||    13
 Stab: Sleeping          ||     3
Dodge: Dodged            ||    10

Table legend:
 A = Non-vault XP
 B = Vault XP
 C = Vault XP percentage of total XP
 D = Non-vault monster count
 E = Vault monster count
 F = Vault count percentage of total count
                 A         B        C        D         E       F
            +---------+---------+-------+---------+---------+-------
      Total |      35 |       0 |   0.0 |      10 |       0 |   0.0
            +---------+---------+-------+---------+---------+-------
        D:1 |      10 |       0 |   0.0 |       5 |       0 |   0.0
        D:2 |      25 |       0 |   0.0 |       5 |       0 |   0.0
            +---------+---------+-------+---------+---------+-------
